Map: Terraform LE (Void)

Players

RBA - Winner!

  • Race: Zerg Zerg
  • League: Platinum

Javert

  • Race: Zerg Zerg
  • League: Platinum

VOD

Have the link to the VOD?

Description

Time

  • Played on: Aug. 20, 2015, 9:08 p.m.
  • Length: 6:47
Show
View Real Time Build Order
Export as new Build Order

RBA Zerg - Winner!

Build Orders: Hatch First 

Get SALT Encoding   

  12  0:03  Drone  
  13  0:10  Drone  
  14  0:18  Overlord  
  14  0:25  Extractor x2  
  14  0:26  Drone  
  13  0:30  Drone  
  16  0:38  Drone  
  17  0:53  Drone  
  18  0:59  Hatchery  
  18  1:03  Drone  
  18  1:07  Extractor  
  17  1:17  Spawning Pool  
  16  1:19  Drone  
  16  1:23  Drone  
  18  1:37  Drone  
  19  1:48  Overlord  
  19  2:02  Hatchery  
  19  2:06  Zergling x4  
  20  2:09  Metabolic Boost  
  20  2:18  Queen  
  22  2:26  Drone x2  
  22  2:29  Drone  
  25  2:41  Baneling Nest  
  25  2:43  Drone  
  25  2:44  Drone  
  26  2:53  Queen  
  27  3:07  Zergling x4  
  27  3:08  Zergling x6  
  31  3:15  Zergling x4  
  33  3:26  Pneumatized Carapace  
  33  3:28  Zergling x4  
  33  3:29  Zergling x4  
  33  3:30  Zergling x2  
  38  3:43  Baneling  
  33  3:59  Queen  
  33  4:00  Zergling x2  
  33  4:07  Overlord  
  33  4:17  Overlord x2  
  33  4:19  Overlord  
  33  4:25  Queen  
  33  4:29  Baneling x3  
  35  4:42  Zergling x2  
  35  4:43  Zergling x14  
  35  4:44  Zergling x6  
  40  4:59  Zergling x2  
  42  5:00  Zergling x4  
  43  5:10  Zergling x8  
  43  5:11  Zergling x6  
  48  5:24  Drone, Extractor  
  48  5:25  Drone x2  
  48  5:27  Queen  
  49  5:31  Baneling x2  
  49  5:34  Drone  
  49  5:35  Drone  
  51  5:48  Drone x4  
  51  5:49  Drone  
  52  6:02  Overlord  
  45  6:19  Zergling x16  
  45  6:21  Zergling x2  
  49  6:31  Extractor  
Show
View Real Time Build Order
Export as new Build Order

Javert Zerg 

Build Orders: Pool First 

Get SALT Encoding   

  12  0:01  Drone  
  13  0:10  Drone  
  14  0:18  Extractor  
  14  0:19  Extractor  
  13  0:21  Drone x2  
  16  0:29  Overlord  
  16  0:39  Extractor  
  15  0:55  Drone, Spawning Pool  
  15  0:56  Drone x2  
  17  1:07  Drone  
  18  1:21  Drone  
  19  1:33  Overlord  
  19  1:42  Metabolic Boost  
  19  1:44  Hatchery  
  18  1:51  Queen  
  20  2:01  Drone x3  
  23  2:11  Baneling Nest  
  23  2:13  Zergling x2  
  23  2:24  Overlord  
  23  2:38  Queen  
  25  2:46  Zergling x4  
  26  3:10  Drone x2  
  28  3:16  Zergling x6  
  31  3:25  Zergling x4  
  33  3:27  Baneling x2  
  33  3:34  Drone x3  
  33  3:38  Roach Warren  
  33  3:41  Drone  
  35  3:58  Drone  
  35  3:59  Drone x4  
  35  4:06  Overlord  
  34  4:15  Overlord x2, Extractor  
  33  4:18  Roach x4  
  33  4:19  Roach  
  43  4:25  Evolution Chamber  
  43  4:28  Evolution Chamber  
  42  4:32  Roach x2  
  46  4:42  Drone  
  46  4:43  Drone x3  
  47  4:53  Drone x3  
  47  4:55  Drone  
  52  5:03  Lair  
  52  5:05  Drone x2  
  54  5:08  Drone x2  
  47  5:24  Roach x4  
  51  5:31  Roach x2  
  49  5:36  Evolution Chamber  
  49  5:42  Roach x2  
  45  5:43  Roach x2  
  43  5:54  Roach x2  
  43  5:55  Roach  
  47  6:14  Roach  
  47  6:15  Roach x2  
  43  6:29  Drone x3  
Tags
 
Add a new tag
Caveats
  • Supply blocks, unpowered buildings, or Contaminate may cause inaccurate times.
  • Supply counts are checked every 10 seconds.